Edmonton Oilers vs Montreal Canadiens

Created - Wednesday, February 18, 2026 at 07:29

Goals
1 2 3 OT1 SO T
Edmonton Oilers 0 0 1 0 1 1
Montreal Canadiens 0 0 1 0 2 2
Shots
1 2 3 OT1 SO T
Edmonton Oilers 7 9 12 1 4 29
Montreal Canadiens 9 10 15 2 4 36

1st period

No Goal

Penalties :
Josh Manson (MTL) for Holding (Minor) at 5:15

2nd period

No Goal

Penalties :
Ryan Poehling (MTL) for Tripping (Minor) at 2:01, Tanner Jeannot (EDM) for Tripping (Minor) at 9:47, Tanner Jeannot (EDM) for Roughing (Minor) at 18:04

3rd period

1. Edmonton Oilers , Connor McMichael 12 (Brock Boeser 18) at 0:33
2. Montreal Canadiens , Owen Power 2 (Martin Necas 10, Macklin Celebrini 16) at 9:19

Penalties :
Jacob Trouba (EDM) for Tripping (Minor) at 13:52

Overtime #1

No Goal

Penalties :
No Penalty

Shootout

Edmonton Oilers, Boone Jenner - Goal!
Montreal Canadiens, Brad Marchand - Stopped by Karel Vejmelka
Edmonton Oilers, Kirill Marchenko - Stopped by Lukas Dostal
Montreal Canadiens, Teddy Blueger - Stopped by Karel Vejmelka
Edmonton Oilers, Brock Boeser - Stopped by Lukas Dostal
Montreal Canadiens, Ryan Poehling - Goal!
Edmonton Oilers, Jake DeBrusk - Shot Misses the Net
Montreal Canadiens, Macklin Celebrini - Goal!

Penalties :
No Penalty

Goalie Stats

Karel Vejmelka (EDM), 35 saves from 36 shots - (0.972), OTL, 9-6-3, 65:00 minutes
Lukas Dostal (MTL), 28 saves from 29 shots - (0.966), W, 5-3-1, 65:00 minutes

Players Stats for Edmonton Oilers

Player Name              G  A  P  +/- PIM S  H  SB GA TA FO     MP     PP MP  PK MP  
------------------------------------------------------------------------------------
Adrian Kempe             0  0  0   0  0   4  1  1  0  1  0/0    17:15   1:58   0:00 
Boone Jenner             0  0  0   0  0   2  4  1  1  1  4/7    14:08   0:00   0:00 
Brandon Carlo            0  0  0  -1  0   0  1  4  1  1  0/0    25:08   1:42   3:25 
Brock Boeser             0  1  1   0  0   3  0  0  0  0  2/4    20:16   2:00   2:51 
Connor McMichael         1  0  1   0  0   5  2  1  0  0  1/14   15:49   2:00   0:00 
David Savard             0  0  0   0  0   1  0  2  0  0  0/0    24:34   2:16   2:32 
Dawson Mercer            0  0  0   0  0   1  1  0  0  0  0/0    12:50   0:00   0:19 
Derek Ryan               0  0  0   0  0   0  1  1  0  0  0/0     9:35   0:00   0:00 
Dylan Holloway           0  0  0   0  0   3  3  2  0  0  1/1    14:08   0:00   0:00 
Evan Bouchard            0  0  0   0  0   1  3  1  1  2  0/0    24:34   2:16   2:32 
Jacob Trouba             0  0  0  -1  2   0  1  3  0  0  0/0    24:36   1:42   2:12 
Jake DeBrusk             0  0  0   0  0   1  1  1  1  0  1/2    18:40   2:00   2:51 
Kirill Marchenko         0  0  0   0  0   3  1  1  1  0  0/1    20:42   1:58   2:47 
Morgan Barron            0  0  0   0  0   1  1  0  0  0  1/3    10:04   0:00   0:19 
Ryan McLeod              0  0  0   0  0   1  1  1  1  0  8/19   20:42   1:58   2:47 
Scott Mayfield           0  0  0   1  0   1  0  1  0  1  0/0    15:55   0:00   0:37 
Tanner Jeannot           0  0  0   0  4   0  1  0  0  0  0/0     9:52   0:00   0:00 
Troy Stecher             0  0  0   1  0   2  1  1  0  0  0/0    15:12   0:00   0:36 

Players Stats for Montreal Canadiens

Player Name              G  A  P  +/- PIM S  H  SB GA TA FO     MP     PP MP  PK MP  
------------------------------------------------------------------------------------
Arttu Hyry               0  0  0   0  0   4  3  0  0  0  0/0    10:19   0:00   0:00 
Brad Marchand            0  0  0   0  0   0  4  0  0  0  0/1    19:50   3:05   1:54 
Brady Skjei              0  0  0   0  0   1  1  1  1  0  0/0    27:12   3:10   2:26 
Damon Severson           0  0  0  -1  0   1  0  0  0  0  0/0    21:26   2:47   1:23 
Drew O'Connor            0  0  0   0  0   4  5  0  0  0  0/0    11:35   0:00   1:31 
Evgeni Dadonov           0  0  0  -1  0   2  2  0  2  0  1/1    14:41   0:00   0:33 
Ilya Lyubushkin          0  0  0   1  0   2  2  3  0  1  0/0    14:34   0:00   0:45 
Josh Manson              0  0  0   0  2   1  4  3  0  2  0/0    17:49   0:00   1:12 
Juraj Slafkovsky         0  0  0   0  0   2  3  0  0  0  0/0    17:02   2:52   0:00 
Justin Hryckowian        0  0  0   0  0   2  1  1  0  0  2/3    10:04   0:00   0:00 
Lane Hutson              0  0  0   0  0   5  1  0  0  2  0/0    21:35   3:10   0:09 
Macklin Celebrini        0  1  1   1  0   0  2  0  2  0  13/21  19:54   3:05   1:08 
Martin Necas             0  1  1   1  0   3  2  0  0  1  1/3    19:17   2:52   0:19 
Matt Duchene             0  0  0   0  0   1  1  2  0  0  7/9    17:55   3:05   0:00 
Owen Power               1  0  1   0  0   4  4  1  0  0  0/0    27:23   2:47   2:01 
Patrik Laine             0  0  0  -1  0   3  1  0  1  0  0/0    11:51   0:00   0:00 
Ryan Poehling            0  0  0   1  2   1  2  0  0  0  4/4    20:11   2:52   1:00 
Teddy Blueger            0  0  0  -1  0   0  1  0  0  0  5/9    13:22   0:00   1:31 

3 Stars

1 - Karel Vejmelka (EDM)
2 - Lukas Dostal (MTL)
3 - Owen Power (MTL)

Power Play

Edmonton Oilers - 0 on 2 Attempt(s) - 0.00%
Montreal Canadiens - 0 on 3 Attempt(s) - 0.00%

Penalty Kill

Edmonton Oilers - 3 on 3 Attempt(s) - 100.00% - Score 0 goal in Penalty Kill
Montreal Canadiens - 2 on 2 Attempt(s) - 100.00% - Score 0 goal in Penalty Kill

Team Stat

Edmonton Oilers - Hits : 23 - Faceoff Wins : 18 - Blocked Shots : 21 - Penalty Minutes : 6
Montreal Canadiens - Hits : 39 - Faceoff Wins : 33 - Blocked Shots : 11 - Penalty Minutes : 4

Official

Referees : Michael Markovic and Ian Walsh
Linesman : Ryan Jackson and Ben O'Quinn

Game Notes

No Game Note

Finance

Level 1 -- Attendance: 5343 (89.05%) -- Ticket Income $496,899
Level 2 -- Attendance: 4296 (85.92%) -- Ticket Income $227,688
Level 3 -- Attendance: 2618 (87.27%) -- Ticket Income $83,776
Level 4 -- Attendance: 4610 (92.20%) -- Ticket Income $101,420
Luxury Box -- Attendance: 741 (74.10%) -- Ticket Income $144,495
Game was played at the Bell Centre.
Total Attendance: 17608 (88.04%)
Total Ticket Income: $1,054,278
Other Income: $368,997
Total Income: $1,423,275

Edmonton Oilers

5 vs 5 Forward 
   Center                   Left Wing                Right Wing               Time % Phy DF OF 
 1 Ryan McLeod              Adrian Kempe             Kirill Marchenko         30     1   2  2  
 2 Connor McMichael         Jake DeBrusk             Brock Boeser             30     1   2  2  
 3 Boone Jenner             Dylan Holloway           Dawson Mercer            25     1   2  2  
 4 Morgan Barron            Tanner Jeannot           Derek Ryan               15     1   2  2  

5 vs 5 Defense 
   Defense                  Defense                                           Time % Phy DF OF 
 1 Jacob Trouba             Brandon Carlo                                     35     1   2  2  
 2 David Savard             Evan Bouchard                                     35     1   2  2  
 3 Troy Stecher             Scott Mayfield                                    30     1   2  2  
 4 Troy Stecher             Jacob Trouba                                      0      1   2  2  

PowerPlay Forward 
   Center                   Left Wing                Right Wing               Time % Phy DF OF 
 1 Ryan McLeod              Adrian Kempe             Kirill Marchenko         50     1   2  2  
 2 Connor McMichael         Jake DeBrusk             Brock Boeser             50     1   2  2  

PowerPlay Defense
   Defense                  Defense                                           Time % Phy DF OF 
 1 Jacob Trouba             Brandon Carlo                                     50     1   2  2  
 2 David Savard             Evan Bouchard                                     50     1   2  2  

Penalty Kill 4 Players Forward 
   Center                   Wing                     Time % Phy DF OF 
 1 Ryan McLeod              Kirill Marchenko         50     1   2  2  
 2 Brock Boeser             Jake DeBrusk             50     1   2  2  

Penalty Kill 4 Players Defense
   Defense                  Defense                  Time % Phy DF OF 
 1 Jacob Trouba             Brandon Carlo            50     1   2  2  
 2 David Savard             Evan Bouchard            50     1   2  2  

Penalty Kill - 3 Players Forward 
   Forward                                           Time % Phy DF OF 
 1 Brock Boeser                                      50     1   2  2  
 2 Kirill Marchenko                                  50     1   2  2  

Penalty Kill - 3 Players Defense
   Defense                  Defense                  Time % Phy DF OF 
 1 Jacob Trouba             Brandon Carlo            50     1   2  2  
 2 David Savard             Evan Bouchard            50     1   2  2  

4 vs 4 Forward 
   Center                   Wing                     Time % Phy DF OF 
 1 Ryan McLeod              Kirill Marchenko         50     1   2  2  
 2 Brock Boeser             Adrian Kempe             50     1   2  2  

4 vs 4 Defense
   Defense                  Defense                  Time % Phy DF OF 
 1 Jacob Trouba             Brandon Carlo            50     1   2  2  
 2 David Savard             Evan Bouchard            50     1   2  2  

Last Minutes Offensive
   Center                   Left Wing                Right Wing               Defense                  Defense                  
   Ryan McLeod              Adrian Kempe             Kirill Marchenko         Jacob Trouba             Brandon Carlo            

Last Minutes Defensive
   Center                   Left Wing                Right Wing               Defense                  Defense                  
   Ryan McLeod              Adrian Kempe             Kirill Marchenko         Jacob Trouba             Brandon Carlo            

Goaltenders
Starting : Karel Vejmelka           
Backup : Juuse Saros              

Extra Forwards
Normal : Dylan Holloway, Boone Jenner, Dawson Mercer - PP : Dylan Holloway, Boone Jenner - PK : Dawson Mercer
Extra Defensemen
Normal : Jacob Trouba, Scott Mayfield, Troy Stecher - PP : Jacob Trouba - PK : Scott Mayfield, Troy Stecher
Penalty Shots
Boone Jenner, Kirill Marchenko, Brock Boeser, Jake DeBrusk, Ryan McLeod

Scratches
Luke Hughes (Healthy), Brett Pesce (Healthy), Xavier Bourgault (Healthy), Jonathan Quick (Healthy)

Montreal Canadiens

5 vs 5 Forward 
   Center                   Left Wing                Right Wing               Time % Phy DF OF 
 1 Macklin Celebrini        Ryan Poehling            Martin Necas             30     0   1  4  
 2 Matt Duchene             Brad Marchand            Juraj Slafkovsky         30     0   1  4  
 3 Teddy Blueger            Patrik Laine             Evgeni Dadonov           25     0   2  3  
 4 Justin Hryckowian        Drew O'Connor            Arttu Hyry               15     0   4  1  

5 vs 5 Defense 
   Defense                  Defense                                           Time % Phy DF OF 
 1 Josh Manson              Lane Hutson                                       30     1   2  2  
 2 Brady Skjei              Damon Severson                                    30     1   2  2  
 3 Ilya Lyubushkin          Owen Power                                        25     1   3  1  
 4 Brady Skjei              Owen Power                                        15     1   3  1  

PowerPlay Forward 
   Center                   Left Wing                Right Wing               Time % Phy DF OF 
 1 Macklin Celebrini        Matt Duchene             Brad Marchand            50     0   0  5  
 2 Martin Necas             Ryan Poehling            Juraj Slafkovsky         50     0   0  5  

PowerPlay Defense
   Defense                  Defense                                           Time % Phy DF OF 
 1 Brady Skjei              Lane Hutson                                       50     0   0  5  
 2 Owen Power               Damon Severson                                    50     0   0  5  

Penalty Kill 4 Players Forward 
   Center                   Wing                     Time % Phy DF OF 
 1 Ryan Poehling            Brad Marchand            50     0   5  0  
 2 Teddy Blueger            Drew O'Connor            50     0   5  0  

Penalty Kill 4 Players Defense
   Defense                  Defense                  Time % Phy DF OF 
 1 Josh Manson              Brady Skjei              50     0   5  0  
 2 Owen Power               Damon Severson           50     0   5  0  

Penalty Kill - 3 Players Forward 
   Forward                                           Time % Phy DF OF 
 1 Teddy Blueger                                     50     0   5  0  
 2 Ryan Poehling                                     50     0   5  0  

Penalty Kill - 3 Players Defense
   Defense                  Defense                  Time % Phy DF OF 
 1 Josh Manson              Brady Skjei              50     0   5  0  
 2 Owen Power               Damon Severson           50     0   5  0  

4 vs 4 Forward 
   Center                   Wing                     Time % Phy DF OF 
 1 Macklin Celebrini        Martin Necas             50     1   2  2  
 2 Matt Duchene             Brad Marchand            50     1   2  2  

4 vs 4 Defense
   Defense                  Defense                  Time % Phy DF OF 
 1 Lane Hutson              Owen Power               50     1   2  2  
 2 Brady Skjei              Damon Severson           50     1   2  2  

Last Minutes Offensive
   Center                   Left Wing                Right Wing               Defense                  Defense                  
   Macklin Celebrini        Matt Duchene             Brad Marchand            Lane Hutson              Owen Power               

Last Minutes Defensive
   Center                   Left Wing                Right Wing               Defense                  Defense                  
   Teddy Blueger            Ryan Poehling            Drew O'Connor            Brady Skjei              Owen Power               

Goaltenders
Starting : Lukas Dostal             
Backup : Stuart Skinner           

Extra Forwards
Normal : Macklin Celebrini, Brad Marchand, Ryan Poehling - PP : Macklin Celebrini, Brad Marchand - PK : Macklin Celebrini
Extra Defensemen
Normal : Brady Skjei, Owen Power, Damon Severson - PP : Lane Hutson - PK : Brady Skjei, Owen Power
Penalty Shots
Brad Marchand, Teddy Blueger, Ryan Poehling, Macklin Celebrini, Arttu Hyry

Scratches
Adam Fox (Healthy), Pyotr Kochetkov (Healthy)

% Time on Ice - Edmonton Oilers

Lines # - Real PCT - Wanted PCT - Time Play
Normal Forward
1 - 29% - 30% - 14:28
2 - 28% - 30% - 13:49
3 - 24% - 25% - 12:13
4 - 19% - 15% - 9:35
Normal Defense
1 - 36% - 35% - 18:15
2 - 35% - 35% - 17:46
3 - 28% - 30% - 14:04
4 - 0% - 0% - 0:00
PP Forward
1 - 50% - 50% - 1:58
2 - 50% - 50% - 2:00
PP Defense
1 - 43% - 50% - 1:42
2 - 57% - 50% - 2:16
PK Forward
1 - 50% - 50% - 2:59
2 - 50% - 50% - 2:58
PK Defense
1 - 57% - 50% - 3:25
2 - 43% - 50% - 2:32
PK3 Forward
1 - 0% - 50%
2 - 0% - 50%
PK3 Defense
1 - 0% - 50%
2 - 0% - 50%
44 Forward
1 - 36% - 50% - 1:47
2 - 64% - 50% - 3:13
44 Defense
1 - 42% - 50% - 2:05
2 - 58% - 50% - 2:55
Last Minute Offensive  - 0:00
Last Minute Defensive  - 0:00
Total
Forward - 65:00
Defense - 65:00

% Time on Ice - Montreal Canadiens

Lines # - Real PCT - Wanted PCT - Time Play
Normal Forward
1 - 28% - 30% - 13:51
2 - 29% - 30% - 14:19
3 - 24% - 25% - 11:51
4 - 20% - 15% - 10:04
Normal Defense
1 - 32% - 30% - 15:59
2 - 31% - 30% - 15:39
3 - 24% - 25% - 12:11
4 - 13% - 15% - 6:16
PP Forward
1 - 52% - 50% - 3:05
2 - 48% - 50% - 2:52
PP Defense
1 - 53% - 50% - 3:10
2 - 47% - 50% - 2:47
PK Forward
1 - 58% - 50% - 2:18
2 - 42% - 50% - 1:40
PK Defense
1 - 65% - 50% - 2:35
2 - 35% - 50% - 1:23
PK3 Forward
1 - 0% - 50%
2 - 0% - 50%
PK3 Defense
1 - 0% - 50%
2 - 0% - 50%
44 Forward
1 - 37% - 50% - 1:51
2 - 63% - 50% - 3:09
44 Defense
1 - 46% - 50% - 2:17
2 - 54% - 50% - 2:43
Last Minute Offensive  - 0:00
Last Minute Defensive  - 0:00
Total
Forward - 65:00
Defense - 65:00

Play-by-Play

1st period


0:01 of 1st period - Ryan McLeod wins face-off versus Macklin Celebrini in neutral zone.
1:23 of 1st period - Wrist shot by Evgeni Dadonov.
1:23 of 1st period - Stopped by Karel Vejmelka with a rebound.
1:37 of 1st period - Adrian Kempe is hit by Drew O'Connor and loses puck.
1:49 of 1st period - Brandon Carlo is hit by Arttu Hyry and loses puck.
2:32 of 1st period - Slapshot by Brad Marchand.
2:32 of 1st period - Shot Blocked by Dylan Holloway.
2:42 of 1st period - Evan Bouchard is hit by Drew O'Connor and loses puck.
3:09 of 1st period - David Savard is hit by Matt Duchene and loses puck.
3:51 of 1st period - Icing by Connor McMichael.
3:52 of 1st period - Macklin Celebrini wins face-off versus Connor McMichael in Edmonton Oilers zone.
3:55 of 1st period - Slapshot by Martin Necas.
3:55 of 1st period - Stopped by Karel Vejmelka with a rebound.
4:00 of 1st period - Icing by Brock Boeser.
4:01 of 1st period - Connor McMichael wins face-off versus Macklin Celebrini in Edmonton Oilers zone.
4:08 of 1st period - Ryan Poehling is hit by Jake DeBrusk and loses puck.
4:15 of 1st period - Wrist shot by Brock Boeser.
4:15 of 1st period - Stopped by Lukas Dostal with a rebound.
4:21 of 1st period - Snap shot by Connor McMichael.
4:21 of 1st period - Stopped by Lukas Dostal without a rebound.
4:22 of 1st period - Matt Duchene wins face-off versus Boone Jenner in Montreal Canadiens zone.
4:27 of 1st period - Boone Jenner is hit by Juraj Slafkovsky and loses puck.
5:00 of 1st period - Wrist shot by Adrian Kempe.
5:00 of 1st period - Shot Misses the Net.
5:15 of 1st period - Minor Penalty to Josh Manson for Holding.
5:16 of 1st period - Ryan Poehling wins face-off versus Ryan McLeod in Montreal Canadiens zone.
5:42 of 1st period - Brock Boeser is hit by Teddy Blueger and loses puck.
6:01 of 1st period - Jacob Trouba is hit by Brad Marchand and loses puck.
7:15 of 1st period - Penalty to Josh Manson is over, Josh Manson is back on ice.
8:13 of 1st period - Adrian Kempe is hit by Josh Manson and loses puck.
8:32 of 1st period - Troy Stecher is hit by Arttu Hyry and loses puck.
8:43 of 1st period - Derek Ryan is hit by Brady Skjei and loses puck.
8:48 of 1st period - Wrist shot by Brad Marchand.
8:48 of 1st period - Shot Misses the Net.
8:57 of 1st period - Icing by Scott Mayfield.
8:58 of 1st period - Macklin Celebrini wins face-off versus Connor McMichael in Edmonton Oilers zone.
9:30 of 1st period - Backhand shot by Adrian Kempe.
9:30 of 1st period - Shot Misses the Net.
9:32 of 1st period - Slapshot by Scott Mayfield.
9:32 of 1st period - Shot Blocked by Ilya Lyubushkin.
9:34 of 1st period - Slapshot by Scott Mayfield.
9:34 of 1st period - Stopped by Lukas Dostal with a rebound.
9:36 of 1st period - Snap shot by Adrian Kempe.
9:36 of 1st period - Stopped by Lukas Dostal with a rebound.
9:55 of 1st period - Snap shot by Dylan Holloway.
9:55 of 1st period - Stopped by Lukas Dostal without a rebound.
9:56 of 1st period - Macklin Celebrini wins face-off versus Connor McMichael in Montreal Canadiens zone.
10:01 of 1st period - Wrist shot by Macklin Celebrini.
10:01 of 1st period - Deflect By Martin Necas.
10:01 of 1st period - Stopped by Karel Vejmelka with a rebound.
10:03 of 1st period - Slapshot by Damon Severson.
10:03 of 1st period - Shot Blocked by David Savard.
10:23 of 1st period - Adrian Kempe is hit by Brad Marchand and loses puck.
11:05 of 1st period - Off-side.
11:06 of 1st period - Teddy Blueger wins face-off versus Morgan Barron in neutral zone.
11:21 of 1st period - Slapshot by Patrik Laine.
11:21 of 1st period - Stopped by Karel Vejmelka with a rebound.
12:00 of 1st period - Snap shot by Matt Duchene.
12:00 of 1st period - Stopped by Karel Vejmelka without a rebound.
12:01 of 1st period - Matt Duchene wins face-off versus Connor McMichael in Edmonton Oilers zone.
13:04 of 1st period - Snap shot by Matt Duchene.
13:04 of 1st period - Shot Misses the Net.
13:06 of 1st period - Slapshot by Damon Severson.
13:06 of 1st period - Stopped by Karel Vejmelka without a rebound.
13:07 of 1st period - Macklin Celebrini wins face-off versus Ryan McLeod in Edmonton Oilers zone.
13:33 of 1st period - Brock Boeser is hit by Ilya Lyubushkin and loses puck.
13:40 of 1st period - Snap shot by Patrik Laine.
13:40 of 1st period - Shot Blocked by David Savard.
14:52 of 1st period - Jake DeBrusk is hit by Justin Hryckowian.
15:34 of 1st period - Derek Ryan is hit by Josh Manson and loses puck.
15:49 of 1st period - Damon Severson is hit by Troy Stecher.
16:04 of 1st period - Icing by Brady Skjei.
16:05 of 1st period - Justin Hryckowian wins face-off versus Ryan McLeod in Montreal Canadiens zone.
16:22 of 1st period - Arttu Hyry is hit by Adrian Kempe and loses puck.
16:43 of 1st period - Wrist shot by Brock Boeser.
16:43 of 1st period - Deflect By Macklin Celebrini.
16:43 of 1st period - Shot Misses the Net.
16:43 of 1st period - Puck is out of play.
16:44 of 1st period - Matt Duchene wins face-off versus Connor McMichael in Montreal Canadiens zone.
16:57 of 1st period - Brock Boeser is hit by Juraj Slafkovsky.
17:13 of 1st period - Troy Stecher is hit by Josh Manson and loses puck.
17:34 of 1st period - Snap shot by Drew O'Connor.
17:34 of 1st period - Shot Blocked by Adrian Kempe.
17:42 of 1st period - Snap shot by Adrian Kempe.
17:42 of 1st period - Stopped by Lukas Dostal without a rebound.
17:43 of 1st period - Matt Duchene wins face-off versus Connor McMichael in Montreal Canadiens zone.
17:56 of 1st period - Wrist shot by Connor McMichael.
17:56 of 1st period - Deflect By Jake DeBrusk.
17:56 of 1st period - Shot Misses the Net.
17:56 of 1st period - Puck is out of play.
17:57 of 1st period - Ryan Poehling wins face-off versus Boone Jenner in Montreal Canadiens zone.
18:02 of 1st period - Wrist shot by Martin Necas.
18:02 of 1st period - Shot Blocked by Brandon Carlo.
18:04 of 1st period - Slapshot by Owen Power.
18:04 of 1st period - Shot Misses the Net.
18:06 of 1st period - Slapshot by Brady Skjei.
18:06 of 1st period - Shot Misses the Net.
18:08 of 1st period - Slapshot by Owen Power.
18:08 of 1st period - Stopped by Karel Vejmelka without a rebound.
18:09 of 1st period - Teddy Blueger wins face-off versus Ryan McLeod in Edmonton Oilers zone.
18:12 of 1st period - Snap shot by Patrik Laine.
18:12 of 1st period - Stopped by Karel Vejmelka with a rebound.
18:14 of 1st period - Wrist shot by Teddy Blueger.
18:14 of 1st period - Deflect By Patrik Laine.
18:14 of 1st period - Stopped by Karel Vejmelka without a rebound.
18:15 of 1st period - Teddy Blueger wins face-off versus Ryan McLeod in Edmonton Oilers zone.
18:18 of 1st period - Wrist shot by Patrik Laine.
18:18 of 1st period - Shot Blocked by Kirill Marchenko.
18:20 of 1st period - Wrist shot by Teddy Blueger.
18:20 of 1st period - Shot Misses the Net.
18:22 of 1st period - Snap shot by Damon Severson.
18:22 of 1st period - Deflect By Evgeni Dadonov.
18:22 of 1st period - Shot Misses the Net.
18:22 of 1st period - Puck is out of play.
18:23 of 1st period - Macklin Celebrini wins face-off versus Connor McMichael in Edmonton Oilers zone.
18:30 of 1st period - Snap shot by Martin Necas.
18:30 of 1st period - Shot Misses the Net.
18:32 of 1st period - Slapshot by Brady Skjei.
18:32 of 1st period - Shot Blocked by Brandon Carlo.
18:34 of 1st period - Slapshot by Brady Skjei.
18:34 of 1st period - Shot Misses the Net.
18:36 of 1st period - Slapshot by Owen Power.
18:36 of 1st period - Shot Misses the Net.
18:38 of 1st period - Slapshot by Brady Skjei.
18:38 of 1st period - Shot Blocked by Connor McMichael.
18:48 of 1st period - Matt Duchene is hit by Dylan Holloway and loses puck.
18:55 of 1st period - Wrist shot by Dylan Holloway.
18:55 of 1st period - Shot Blocked by Owen Power.
19:11 of 1st period - Slapshot by Ryan McLeod.
19:11 of 1st period - Shot Misses the Net.
19:21 of 1st period - Wrist shot by Adrian Kempe.
19:21 of 1st period - Shot Blocked by Josh Manson.
19:23 of 1st period - Snap shot by Troy Stecher.
19:23 of 1st period - Stopped by Lukas Dostal with a rebound.
Goals for this period are 0 for Edmonton Oilers vs 0 for Montreal Canadiens.
Shots for this period are 7 for Edmonton Oilers vs 9 for Montreal Canadiens.

2nd period


0:01 of 2nd period - Brock Boeser wins face-off versus Matt Duchene in neutral zone.
0:25 of 2nd period - Ryan McLeod is hit by Ryan Poehling and loses puck.
0:50 of 2nd period - Teddy Blueger is hit by Brandon Carlo and loses puck.
1:11 of 2nd period - Ilya Lyubushkin is hit by Jacob Trouba and loses puck.
1:36 of 2nd period - Snap shot by Connor McMichael.
1:36 of 2nd period - Shot Misses the Net.
1:38 of 2nd period - Wrist shot by Evan Bouchard.
1:38 of 2nd period - Shot Hit the Post.
1:40 of 2nd period - Snap shot by David Savard.
1:40 of 2nd period - Shot Misses the Net.
1:50 of 2nd period - Wrist shot by Brad Marchand.
1:50 of 2nd period - Deflect By Macklin Celebrini.
1:50 of 2nd period - Shot Misses the Net.
1:50 of 2nd period - Puck is out of play.
1:51 of 2nd period - Ryan McLeod wins face-off versus Macklin Celebrini in Edmonton Oilers zone.
2:01 of 2nd period - Minor Penalty to Ryan Poehling for Tripping.
2:02 of 2nd period - Teddy Blueger wins face-off versus Connor McMichael in Montreal Canadiens zone.
3:03 of 2nd period - Ryan McLeod is hit by Drew O'Connor and loses puck.
3:16 of 2nd period - Brandon Carlo is hit by Brad Marchand and loses puck.
3:35 of 2nd period - Brock Boeser is hit by Evgeni Dadonov and loses puck.
3:44 of 2nd period - Macklin Celebrini is hit by Connor McMichael and loses puck.
4:01 of 2nd period - Penalty to Ryan Poehling is over, Ryan Poehling is back on ice.
4:33 of 2nd period - Morgan Barron is hit by Patrik Laine and loses puck.
5:11 of 2nd period - Jacob Trouba is hit by Macklin Celebrini and loses puck.
5:33 of 2nd period - Boone Jenner is hit by Josh Manson and loses puck.
5:54 of 2nd period - Dawson Mercer is hit by Juraj Slafkovsky and loses puck.
6:11 of 2nd period - Lane Hutson is hit by Boone Jenner.
6:17 of 2nd period - Lane Hutson is hit by Dawson Mercer and loses puck.
6:33 of 2nd period - Josh Manson is hit by Boone Jenner and loses puck.
6:47 of 2nd period - Slapshot by Arttu Hyry.
6:47 of 2nd period - Stopped by Karel Vejmelka with a rebound.
6:49 of 2nd period - Snap shot by Justin Hryckowian.
6:49 of 2nd period - Stopped by Karel Vejmelka with a rebound.
6:51 of 2nd period - Snap shot by Drew O'Connor.
6:51 of 2nd period - Shot Blocked by Scott Mayfield.
6:53 of 2nd period - Slapshot by Drew O'Connor.
6:53 of 2nd period - Shot Misses the Net.
6:55 of 2nd period - Wrist shot by Drew O'Connor.
6:55 of 2nd period - Deflect By Justin Hryckowian.
6:55 of 2nd period - Shot Blocked by Boone Jenner.
6:55 of 2nd period - Puck is out of play.
6:56 of 2nd period - Macklin Celebrini wins face-off versus Jake DeBrusk in Edmonton Oilers zone.
6:57 of 2nd period - Slapshot by Martin Necas.
6:57 of 2nd period - Shot Blocked by Jake DeBrusk.
6:59 of 2nd period - Wrist shot by Ryan Poehling.
6:59 of 2nd period - Shot Blocked by Evan Bouchard.
7:01 of 2nd period - Snap shot by Ryan Poehling.
7:01 of 2nd period - Shot Misses the Net.
7:10 of 2nd period - Snap shot by Lane Hutson.
7:10 of 2nd period - Shot Misses the Net.
7:12 of 2nd period - Slapshot by Lane Hutson.
7:12 of 2nd period - Stopped by Karel Vejmelka with a rebound.
7:22 of 2nd period - Josh Manson is hit by Ryan McLeod and loses puck.
9:47 of 2nd period - Minor Penalty to Tanner Jeannot for Tripping.
9:48 of 2nd period - Ryan McLeod wins face-off versus Macklin Celebrini in Edmonton Oilers zone.
10:43 of 2nd period - Snap shot by Kirill Marchenko.
10:43 of 2nd period - Shot Blocked by Matt Duchene.
11:47 of 2nd period - Penalty to Tanner Jeannot is over, Tanner Jeannot is back on ice.
12:26 of 2nd period - Off-side.
12:27 of 2nd period - Justin Hryckowian wins face-off versus Brock Boeser in neutral zone.
12:34 of 2nd period - Snap shot by Arttu Hyry.
12:34 of 2nd period - Shot Misses the Net.
12:36 of 2nd period - Backhand shot by Arttu Hyry.
12:36 of 2nd period - Shot Blocked by Brandon Carlo.
12:38 of 2nd period - Slapshot by Drew O'Connor.
12:38 of 2nd period - Shot Misses the Net.
12:40 of 2nd period - Slapshot by Josh Manson.
12:40 of 2nd period - Stopped by Karel Vejmelka with a rebound.
12:42 of 2nd period - Slapshot by Lane Hutson.
12:42 of 2nd period - Shot Blocked by Jacob Trouba.
12:44 of 2nd period - Wrist shot by Arttu Hyry.
12:44 of 2nd period - Stopped by Karel Vejmelka with a rebound.
12:46 of 2nd period - Wrist shot by Arttu Hyry.
12:46 of 2nd period - Shot Misses the Net.
12:48 of 2nd period - Snap shot by Drew O'Connor.
12:48 of 2nd period - Stopped by Karel Vejmelka with a rebound.
12:50 of 2nd period - Slapshot by Drew O'Connor.
12:50 of 2nd period - Stopped by Karel Vejmelka without a rebound.
12:51 of 2nd period - Ryan McLeod wins face-off versus Macklin Celebrini in Edmonton Oilers zone.
13:06 of 2nd period - Snap shot by Martin Necas.
13:06 of 2nd period - Deflect By Ryan Poehling.
13:06 of 2nd period - Stopped by Karel Vejmelka with a rebound.
13:23 of 2nd period - Snap shot by Dylan Holloway.
13:23 of 2nd period - Stopped by Lukas Dostal with a rebound.
13:25 of 2nd period - Slapshot by Evan Bouchard.
13:25 of 2nd period - Deflect By Brad Marchand.
13:25 of 2nd period - Stopped by Lukas Dostal with a rebound.
13:27 of 2nd period - Snap shot by Boone Jenner.
13:27 of 2nd period - Shot Blocked by Brady Skjei.
13:37 of 2nd period - Connor McMichael is hit by Owen Power and loses puck.
14:00 of 2nd period - Morgan Barron is hit by Drew O'Connor and loses puck.
14:11 of 2nd period - Slapshot by Morgan Barron.
14:11 of 2nd period - Shot Misses the Net.
14:23 of 2nd period - Slapshot by Macklin Celebrini.
14:23 of 2nd period - Shot Misses the Net.
14:30 of 2nd period - Icing by Kirill Marchenko.
14:31 of 2nd period - Matt Duchene wins face-off versus Ryan McLeod in Edmonton Oilers zone.
14:36 of 2nd period - Slapshot by Matt Duchene.
14:36 of 2nd period - Shot Blocked by Troy Stecher.
14:44 of 2nd period - Wrist shot by Adrian Kempe.
14:44 of 2nd period - Shot Blocked by Josh Manson.
14:46 of 2nd period - Slapshot by Troy Stecher.
14:46 of 2nd period - Shot Misses the Net.
14:48 of 2nd period - Wrist shot by Ryan McLeod.
14:48 of 2nd period - Stopped by Lukas Dostal with a rebound.
14:50 of 2nd period - Slapshot by Troy Stecher.
14:50 of 2nd period - Stopped by Lukas Dostal with a rebound.
14:52 of 2nd period - Snap shot by Adrian Kempe.
14:52 of 2nd period - Stopped by Lukas Dostal with a rebound.
15:02 of 2nd period - Snap shot by Ryan McLeod.
15:02 of 2nd period - Deflect By Kirill Marchenko.
15:02 of 2nd period - Shot Misses the Net.
15:02 of 2nd period - Puck is out of play.
15:03 of 2nd period - Macklin Celebrini wins face-off versus Connor McMichael in Montreal Canadiens zone.
15:08 of 2nd period - David Savard is hit by Martin Necas.
15:29 of 2nd period - Owen Power is hit by Boone Jenner and loses puck.
15:34 of 2nd period - Wrist shot by Dawson Mercer.
15:34 of 2nd period - Deflect By Boone Jenner.
15:34 of 2nd period - Stopped by Lukas Dostal without a rebound.
15:35 of 2nd period - Boone Jenner wins face-off versus Matt Duchene in Montreal Canadiens zone.
16:22 of 2nd period - Snap shot by Drew O'Connor.
16:22 of 2nd period - Stopped by Karel Vejmelka with a rebound.
16:58 of 2nd period - Snap shot by Brock Boeser.
16:58 of 2nd period - Stopped by Lukas Dostal with a rebound.
17:00 of 2nd period - Wrist shot by Connor McMichael.
17:00 of 2nd period - Stopped by Lukas Dostal with a rebound.
17:02 of 2nd period - Wrist shot by Brock Boeser.
17:02 of 2nd period - Stopped by Lukas Dostal without a rebound.
17:03 of 2nd period - Ryan McLeod wins face-off versus Macklin Celebrini in Montreal Canadiens zone.
17:30 of 2nd period - Evgeni Dadonov is hit by Boone Jenner and loses puck.
18:04 of 2nd period - Minor Penalty to Tanner Jeannot for Roughing.
18:05 of 2nd period - Martin Necas wins face-off versus Brock Boeser in Edmonton Oilers zone.
18:12 of 2nd period - Off-side.
18:13 of 2nd period - Brock Boeser wins face-off versus Martin Necas in neutral zone.
18:24 of 2nd period - Wrist shot by Martin Necas.
18:24 of 2nd period - Stopped by Karel Vejmelka with a rebound.
18:26 of 2nd period - Wrist shot by Brady Skjei.
18:26 of 2nd period - Shot Misses the Net.
18:28 of 2nd period - Slapshot by Lane Hutson.
18:28 of 2nd period - Shot Blocked by Brandon Carlo.
18:44 of 2nd period - Evan Bouchard is hit by Brad Marchand and loses puck.
19:25 of 2nd period - Brandon Carlo is hit by Macklin Celebrini and loses puck.
Goals for this period are 0 for Edmonton Oilers vs 0 for Montreal Canadiens.
Shots for this period are 9 for Edmonton Oilers vs 10 for Montreal Canadiens.

3rd period


0:01 of 3rd period - Ryan McLeod wins face-off versus Martin Necas in neutral zone.
0:04 of 3rd period - Penalty to Tanner Jeannot is over, Tanner Jeannot is back on ice.
0:06 of 3rd period - Wrist shot by Kirill Marchenko.
0:06 of 3rd period - Stopped by Lukas Dostal with a rebound.
0:26 of 3rd period - Owen Power is hit by Evan Bouchard and loses puck.
0:33 of 3rd period - Snap shot by Connor McMichael.
0:33 of 3rd period - Goal by Connor McMichael - Edmonton Oilers : 1 - Montreal Canadiens : 0.
0:34 of 3rd period - Macklin Celebrini wins face-off versus Connor McMichael in neutral zone.
0:41 of 3rd period - Slapshot by Martin Necas.
0:41 of 3rd period - Shot Misses the Net.
0:49 of 3rd period - Snap shot by Macklin Celebrini.
0:49 of 3rd period - Shot Misses the Net.
0:59 of 3rd period - Slapshot by Lane Hutson.
0:59 of 3rd period - Deflect By Connor McMichael.
0:59 of 3rd period - Stopped by Karel Vejmelka with a rebound.
1:24 of 3rd period - Off-side.
1:25 of 3rd period - Matt Duchene wins face-off versus Ryan McLeod in neutral zone.
1:38 of 3rd period - Slapshot by Adrian Kempe.
1:38 of 3rd period - Shot Misses the Net.
1:48 of 3rd period - Brad Marchand is hit by Kirill Marchenko and loses puck.
2:39 of 3rd period - Wrist shot by Brad Marchand.
2:39 of 3rd period - Shot Misses the Net.
2:41 of 3rd period - Slapshot by Lane Hutson.
2:41 of 3rd period - Stopped by Karel Vejmelka without a rebound.
2:42 of 3rd period - Macklin Celebrini wins face-off versus Connor McMichael in Edmonton Oilers zone.
2:53 of 3rd period - Snap shot by Connor McMichael.
2:53 of 3rd period - Stopped by Lukas Dostal with a rebound.
2:55 of 3rd period - Snap shot by Jake DeBrusk.
2:55 of 3rd period - Stopped by Lukas Dostal without a rebound.
2:56 of 3rd period - Boone Jenner wins face-off versus Teddy Blueger in Montreal Canadiens zone.
4:23 of 3rd period - Wrist shot by Brock Boeser.
4:23 of 3rd period - Deflect By Connor McMichael.
4:23 of 3rd period - Stopped by Lukas Dostal with a rebound.
4:37 of 3rd period - Adrian Kempe is hit by Drew O'Connor and loses puck.
5:04 of 3rd period - Evgeni Dadonov is hit by Derek Ryan and loses puck.
5:43 of 3rd period - Snap shot by Brad Marchand.
5:43 of 3rd period - Shot Misses the Net.
5:52 of 3rd period - Off-side.
5:53 of 3rd period - Ryan McLeod wins face-off versus Justin Hryckowian in neutral zone.
6:03 of 3rd period - Wrist shot by Adrian Kempe.
6:03 of 3rd period - Shot Misses the Net.
6:05 of 3rd period - Snap shot by Ryan McLeod.
6:05 of 3rd period - Deflect By Kirill Marchenko.
6:05 of 3rd period - Shot Misses the Net.
6:05 of 3rd period - Puck is out of play.
6:06 of 3rd period - Macklin Celebrini wins face-off versus Connor McMichael in Montreal Canadiens zone.
7:00 of 3rd period - Snap shot by Boone Jenner.
7:00 of 3rd period - Shot Misses the Net.
7:59 of 3rd period - Wrist shot by Adrian Kempe.
7:59 of 3rd period - Stopped by Lukas Dostal with a rebound.
8:19 of 3rd period - Dawson Mercer is hit by Ilya Lyubushkin and loses puck.
8:24 of 3rd period - Snap shot by Arttu Hyry.
8:24 of 3rd period - Stopped by Karel Vejmelka with a rebound.
8:30 of 3rd period - Snap shot by Dylan Holloway.
8:30 of 3rd period - Shot Blocked by Justin Hryckowian.
8:47 of 3rd period - Backhand shot by Juraj Slafkovsky.
8:47 of 3rd period - Stopped by Karel Vejmelka without a rebound.
8:48 of 3rd period - Matt Duchene wins face-off versus Morgan Barron in Edmonton Oilers zone.
8:53 of 3rd period - Wrist shot by Brad Marchand.
8:53 of 3rd period - Shot Blocked by Derek Ryan.
8:55 of 3rd period - Wrist shot by Lane Hutson.
8:55 of 3rd period - Stopped by Karel Vejmelka with a rebound.
8:57 of 3rd period - Wrist shot by Juraj Slafkovsky.
8:57 of 3rd period - Shot Misses the Net.
8:59 of 3rd period - Snap shot by Matt Duchene.
8:59 of 3rd period - Shot Misses the Net.
9:01 of 3rd period - Slapshot by Lane Hutson.
9:01 of 3rd period - Stopped by Karel Vejmelka with a rebound.
9:03 of 3rd period - Snap shot by Juraj Slafkovsky.
9:03 of 3rd period - Stopped by Karel Vejmelka without a rebound.
9:04 of 3rd period - Jake DeBrusk wins face-off versus Macklin Celebrini in Edmonton Oilers zone.
9:17 of 3rd period - Slapshot by Martin Necas.
9:17 of 3rd period - Shot Blocked by Jacob Trouba.
9:19 of 3rd period - Slapshot by Owen Power.
9:19 of 3rd period - Goal by Owen Power - Edmonton Oilers : 1 - Montreal Canadiens : 1.
9:20 of 3rd period - Macklin Celebrini wins face-off versus Ryan McLeod in neutral zone.
9:47 of 3rd period - Jake DeBrusk is hit by Owen Power and loses puck.
10:48 of 3rd period - Tanner Jeannot is hit by Evgeni Dadonov.
10:54 of 3rd period - Wrist shot by Morgan Barron.
10:54 of 3rd period - Stopped by Lukas Dostal without a rebound.
10:55 of 3rd period - Evgeni Dadonov wins face-off versus Ryan McLeod in Montreal Canadiens zone.
11:04 of 3rd period - Slapshot by Evgeni Dadonov.
11:04 of 3rd period - Stopped by Karel Vejmelka with a rebound.
11:06 of 3rd period - Slapshot by Ilya Lyubushkin.
11:06 of 3rd period - Stopped by Karel Vejmelka with a rebound.
11:08 of 3rd period - Snap shot by Patrik Laine.
11:08 of 3rd period - Shot Misses the Net.
11:10 of 3rd period - Snap shot by Owen Power.
11:10 of 3rd period - Stopped by Karel Vejmelka without a rebound.
11:11 of 3rd period - Ryan Poehling wins face-off versus Connor McMichael in Edmonton Oilers zone.
12:06 of 3rd period - Slapshot by David Savard.
12:06 of 3rd period - Stopped by Lukas Dostal with a rebound.
12:08 of 3rd period - Snap shot by Dawson Mercer.
12:08 of 3rd period - Stopped by Lukas Dostal with a rebound.
12:10 of 3rd period - Snap shot by Boone Jenner.
12:10 of 3rd period - Shot Blocked by Matt Duchene.
12:12 of 3rd period - Slapshot by Evan Bouchard.
12:12 of 3rd period - Shot Blocked by Ilya Lyubushkin.
12:19 of 3rd period - Icing by Owen Power.
12:20 of 3rd period - Morgan Barron wins face-off versus Brad Marchand in Montreal Canadiens zone.
12:33 of 3rd period - Snap shot by Kirill Marchenko.
12:33 of 3rd period - Stopped by Lukas Dostal with a rebound.
12:35 of 3rd period - Backhand shot by Ryan McLeod.
12:35 of 3rd period - Shot Blocked by Ilya Lyubushkin.
12:37 of 3rd period - Wrist shot by Kirill Marchenko.
12:37 of 3rd period - Shot Misses the Net.
12:47 of 3rd period - Ilya Lyubushkin is hit by Connor McMichael and loses puck.
12:59 of 3rd period - Off-side.
13:00 of 3rd period - Dylan Holloway wins face-off versus Teddy Blueger in neutral zone.
13:13 of 3rd period - Snap shot by Patrik Laine.
13:13 of 3rd period - Shot Hit the Post.
13:29 of 3rd period - Slapshot by Brady Skjei.
13:29 of 3rd period - Stopped by Karel Vejmelka with a rebound.
13:52 of 3rd period - Minor Penalty to Jacob Trouba for Tripping.
13:53 of 3rd period - Macklin Celebrini wins face-off versus Ryan McLeod in Edmonton Oilers zone.
13:55 of 3rd period - Wrist shot by Macklin Celebrini.
13:55 of 3rd period - Shot Misses the Net.
13:57 of 3rd period - Snap shot by Matt Duchene.
13:57 of 3rd period - Shot Misses the Net.
15:22 of 3rd period - Brandon Carlo is hit by Owen Power and loses puck.
15:52 of 3rd period - Penalty to Jacob Trouba is over, Jacob Trouba is back on ice.
16:08 of 3rd period - Evgeni Dadonov is hit by Evan Bouchard and loses puck.
16:33 of 3rd period - Owen Power is hit by Evan Bouchard and loses puck.
16:52 of 3rd period - Snap shot by Kirill Marchenko.
16:52 of 3rd period - Stopped by Lukas Dostal without a rebound.
16:53 of 3rd period - Ryan Poehling wins face-off versus Ryan McLeod in Montreal Canadiens zone.
16:58 of 3rd period - Adrian Kempe is hit by Arttu Hyry and loses puck.
17:27 of 3rd period - Slapshot by Evan Bouchard.
17:27 of 3rd period - Shot Blocked by Josh Manson.
17:33 of 3rd period - Lane Hutson is hit by Morgan Barron and loses puck.
17:45 of 3rd period - Drew O'Connor is hit by Tanner Jeannot and loses puck.
18:09 of 3rd period - Snap shot by Drew O'Connor.
18:09 of 3rd period - Shot Misses the Net.
18:11 of 3rd period - Snap shot by Arttu Hyry.
18:11 of 3rd period - Shot Misses the Net.
18:13 of 3rd period - Slapshot by Brady Skjei.
18:13 of 3rd period - Shot Misses the Net.
18:17 of 3rd period - Wrist shot by Arttu Hyry.
18:17 of 3rd period - Stopped by Karel Vejmelka with a rebound.
18:19 of 3rd period - Slapshot by Brady Skjei.
18:19 of 3rd period - Shot Misses the Net.
18:21 of 3rd period - Snap shot by Justin Hryckowian.
18:21 of 3rd period - Stopped by Karel Vejmelka with a rebound.
18:23 of 3rd period - Wrist shot by Drew O'Connor.
18:23 of 3rd period - Stopped by Karel Vejmelka without a rebound.
18:24 of 3rd period - Boone Jenner wins face-off versus Teddy Blueger in Edmonton Oilers zone.
18:26 of 3rd period - Icing by Dylan Holloway.
18:27 of 3rd period - Boone Jenner wins face-off versus Teddy Blueger in Edmonton Oilers zone.
18:34 of 3rd period - Snap shot by Dylan Holloway.
18:34 of 3rd period - Stopped by Lukas Dostal without a rebound.
18:35 of 3rd period - Teddy Blueger wins face-off versus Boone Jenner in Montreal Canadiens zone.
19:07 of 3rd period - Kirill Marchenko is hit by Ryan Poehling and loses puck.
Goals for this period are 1 for Edmonton Oilers vs 1 for Montreal Canadiens.
Shots for this period are 12 for Edmonton Oilers vs 15 for Montreal Canadiens.

Overtime #1


0:01 of 1st overtime period - Macklin Celebrini wins face-off versus Kirill Marchenko in neutral zone.
0:04 of 1st overtime period - Slapshot by Lane Hutson.
0:04 of 1st overtime period - Shot Misses the Net.
0:06 of 1st overtime period - Wrist shot by Lane Hutson.
0:06 of 1st overtime period - Shot Blocked by Ryan McLeod.
0:08 of 1st overtime period - Slapshot by Lane Hutson.
0:08 of 1st overtime period - Shot Blocked by Jacob Trouba.
0:10 of 1st overtime period - Snap shot by Owen Power.
0:10 of 1st overtime period - Stopped by Karel Vejmelka with a rebound.
0:28 of 1st overtime period - Jacob Trouba is hit by Lane Hutson and loses puck.
2:18 of 1st overtime period - Lane Hutson is hit by Dylan Holloway and loses puck.
3:01 of 1st overtime period - Ryan Poehling is hit by Dylan Holloway and loses puck.
3:08 of 1st overtime period - Snap shot by Boone Jenner.
3:08 of 1st overtime period - Stopped by Lukas Dostal with a rebound.
3:33 of 1st overtime period - Snap shot by Ryan Poehling.
3:33 of 1st overtime period - Shot Blocked by Dylan Holloway.
3:35 of 1st overtime period - Slapshot by Ilya Lyubushkin.
3:35 of 1st overtime period - Stopped by Karel Vejmelka without a rebound.
3:36 of 1st overtime period - Ryan McLeod wins face-off versus Macklin Celebrini in Edmonton Oilers zone.
3:55 of 1st overtime period - Ryan McLeod is hit by Martin Necas and loses puck.
4:46 of 1st overtime period - Evan Bouchard is hit by Owen Power and loses puck.
Goals for this period are 0 for Edmonton Oilers vs 0 for Montreal Canadiens.
Shots for this period are 1 for Edmonton Oilers vs 2 for Montreal Canadiens.

ShootOut


5:00 of 1st overtime period - Round #1.
5:00 of 1st overtime period - Edmonton Oilers, Boone Jenner.
5:00 of 1st overtime period - Deke by Boone Jenner.
5:00 of 1st overtime period - Goal by Boone Jenner.
5:00 of 1st overtime period - Montreal Canadiens, Brad Marchand.
5:00 of 1st overtime period - Wrist shot by Brad Marchand.
5:00 of 1st overtime period - Stopped by Karel Vejmelka.
5:00 of 1st overtime period - Round #2.
5:00 of 1st overtime period - Edmonton Oilers, Kirill Marchenko.
5:00 of 1st overtime period - Deke by Kirill Marchenko.
5:00 of 1st overtime period - Stopped by Lukas Dostal.
5:00 of 1st overtime period - Montreal Canadiens, Teddy Blueger.
5:00 of 1st overtime period - Deke by Teddy Blueger.
5:00 of 1st overtime period - Stopped by Karel Vejmelka.
5:00 of 1st overtime period - Round #3.
5:00 of 1st overtime period - Edmonton Oilers, Brock Boeser.
5:00 of 1st overtime period - Wrist shot by Brock Boeser.
5:00 of 1st overtime period - Stopped by Lukas Dostal.
5:00 of 1st overtime period - Montreal Canadiens, Ryan Poehling.
5:00 of 1st overtime period - Snap shot by Ryan Poehling.
5:00 of 1st overtime period - Goal by Ryan Poehling.
5:00 of 1st overtime period - Round #4.
5:00 of 1st overtime period - Edmonton Oilers, Jake DeBrusk.
5:00 of 1st overtime period - Deke by Jake DeBrusk.
5:00 of 1st overtime period - Shot Misses the Net.
5:00 of 1st overtime period - Montreal Canadiens, Macklin Celebrini.
5:00 of 1st overtime period - Snap shot by Macklin Celebrini.
5:00 of 1st overtime period - Goal by Macklin Celebrini.